Map: Cerulean Fall LE

Players

GOStephano (Stephano) - Winner!

  • Race: Zerg Zerg
  • Spawn Location: 7:00

HellraiseR

  • Race: Protoss Protoss
  • League: Master
  • Spawn Location: 1:00

Event: HomeStory Cup XVIII

VOD

Have the link to the VOD?

Description

Time

  • Played on: Nov. 23, 2018, 7:37 a.m.
  • Length: 8:57

All games in this series

Show
View Real Time Build Order
Export as new Build Order

GOStephano Zerg - Winner!

Build Orders: Hatch First 

Get SALT Encoding   

  12  0:01  Drone  
  13  0:13  Overlord  
  13  0:18  Drone  
  14  0:31  Drone x2  
  16  0:49  Hatchery  
  15  0:51  Drone  
  15  0:55  Drone  
  17  0:58  Drone  
  18  1:09  Extractor  
  17  1:14  Spawning Pool  
  17  1:17  Drone  
  17  1:21  Drone  
  18  1:29  Drone  
  19  1:39  Drone  
  20  1:50  Drone  
  21  2:01  Queen x2  
  23  2:02  Overlord, Zergling x2  
  26  2:12  Drone x2  
  28  2:24  Drone  
  28  2:25  Hatchery  
  28  2:28  Drone  
  29  2:33  Drone x2  
  31  2:39  Queen  
  31  2:43  Zergling x2  
  34  2:46  Overlord  
  34  2:59  Drone  
  34  3:00  Drone  
  34  3:05  Drone x2  
  38  3:10  Drone x2  
  38  3:11  Drone x3  
  43  3:14  Overlord  
  43  3:19  Extractor  
  42  3:21  Queen  
  45  3:27  Spore Crawler  
  45  3:33  Drone x2  
  45  3:34  Drone  
  47  3:37  Drone x2, Lair  
  47  3:41  Drone x3  
  52  3:43  Drone  
  52  3:44  Drone  
  52  3:48  Extractor  
  53  3:49  Extractor  
  53  3:50  Spore Crawler  
  51  3:55  Roach Warren  
  51  3:58  Drone, Spore Crawler  
  51  4:02  Overlord  
  50  4:05  Overlord  
  50  4:20  Overlord  
  50  4:21  Drone  
  51  4:25  Drone x3  
  51  4:27  Overlord x2  
  54  4:33  Drone x2  
  54  4:34  Glial Reconstitution  
  56  4:40  Roach x4  
  56  4:44  Roach x2  
  68  4:47  Roach  
  70  4:54  Roach x3  
  70  4:57  Overlord  
  76  5:00  Roach  
  76  5:02  Roach  
  81  5:07  Roach x2  
  81  5:08  Roach  
  81  5:11  Roach  
  87  5:16  Roach x2  
  91  5:23  Roach x3  
  97  5:31  Overlord  
  97  5:32  Overlord  
  97  5:37  Overlord  
  97  5:50  Overlord  
  97  5:52  Roach  
  101  5:57  Roach x10  
  117  6:10  Drone x6  
  119  6:12  Extractor x2  
  119  6:13  Evolution Chamber  
  118  6:18  Drone x2  
  118  6:21  Extractor  
  118  6:22  Hydralisk Den  
  118  6:23  Drone x3  
  118  6:24  Drone  
  106  6:38  Hatchery  
  101  6:43  Drone x7  
  104  6:49  Drone x4  
  104  6:51  Zerg Missile Weapons Level 1  
  106  6:59  Muscular Augments  
  106  7:05  Drone x2  
  108  7:08  Hydralisk  
  108  7:09  Hydralisk x3  
  108  7:13  Hydralisk  
  108  7:14  Hydralisk  
  120  7:17  Hydralisk  
  120  7:21  Hydralisk x2  
  126  7:27  Hydralisk  
  128  7:36  Overlord  
  128  7:37  Overlord  
  128  7:38  Overlord  
  128  7:49  Overseer  
  128  7:50  Hydralisk x3  
  134  7:54  Hydralisk  
  134  7:55  Hydralisk x4  
  134  7:56  Hydralisk  
  146  7:59  Pneumatized Carapace  
  146  8:03  Overlord x2  
  146  8:07  Overlord  
  146  8:08  Overlord  
  146  8:12  Hydralisk x2  
  148  8:15  Ravager  
  148  8:16  Ravager x3  
  154  8:21  Roach  
  154  8:22  Roach x3  
  154  8:26  Roach x3  
  168  8:32  Roach x3  
  164  8:34  Roach  
Show
View Real Time Build Order
Export as new Build Order

HellraiseR Protoss 

Build Orders: 1 Gate Expand, Oracle Opening, Phoenix Opening, Zealot Archon, Archon Drop 

Get SALT Encoding   

  12  0:00  Probe  
  13  0:12  Probe  
  14  0:20  Pylon  
  14  0:23  Probe  
  15  0:34  Probe  
  15  0:38  Gateway  
  16  0:43  Probe  
  16  0:47  Assimilator  
  17  0:55  Probe  
  18  1:07  Probe  
  19  1:21  Nexus  
  19  1:24  Probe  
  20  1:35  Cybernetics Core  
  20  1:37  Probe  
  21  1:45  Assimilator  
  21  1:49  Probe  
  21  1:52  Pylon  
  22  1:59  Probe  
  22  2:02  Adept  
  22  2:07  Probe  
  26  2:15  Probe  
  27  2:26  Stargate  
  27  2:27  Probe  
  28  2:31  Adept, Probe  
  31  2:38  Warp Gate  
  31  2:39  Probe  
  31  2:40  Probe  
  33  2:50  Probe  
  34  2:52  Probe  
  35  3:02  Phoenix, Probe  
  35  3:04  Probe  
  37  3:06  Gateway  
  39  3:14  Probe  
  39  3:16  Probe  
  39  3:19  Oracle, Assimilator  
  41  3:22  Pylon  
  41  3:26  Probe  
  42  3:28  Probe  
  46  3:38  Assimilator  
  46  3:40  Probe x2  
  48  3:49  Robotics Facility  
  48  3:52  Probe x2  
  48  3:55  Pylon  
  50  4:01  Twilight Council  
  50  4:05  Probe x2  
  52  4:17  Probe x2  
  54  4:19  Gateway  
  54  4:20  Gateway  
  54  4:26  Warp Prism  
  54  4:29  Probe x2  
  54  4:30  Pylon  
  58  4:41  Pylon, Templar Archives  
  58  4:42  Zealot  
  60  4:46  Zealot  
  62  4:59  Nexus  
  62  5:01  Probe x2  
  62  5:05  Shield Battery  
  64  5:13  Probe x2  
  64  5:14  Forge  
  66  5:19  Pylon  
  66  5:25  High Templar x4  
  66  5:26  Probe  
  66  5:27  Charge  
  75  5:29  Protoss Ground Weapons Level 1, Archon x2  
  75  5:32  Probe  
  76  5:38  Probe  
  76  5:41  Immortal  
  77  5:44  Probe  
  76  5:51  Probe  
  76  5:56  Probe  
  77  5:57  Zealot  
  77  6:02  Zealot  
  77  6:03  Probe  
  76  6:08  Probe  
  68  6:12  Zealot  
  68  6:14  Probe  
  68  6:15  Probe, Immortal  
  69  6:20  Probe  
  73  6:27  Probe  
  73  6:31  Sentry x2  
  73  6:32  Probe  
  79  6:39  Probe  
  72  6:53  Sentry x2  
  76  6:57  Pylon, Gateway  
  76  6:58  Pylon  
  76  6:59  Pylon  
  76  7:00  Gateway  
  75  7:02  Gateway  
  75  7:05  Gateway  
  75  7:16  Nexus  
  75  7:21  Pylon  
  75  7:22  High Templar x3, Immortal  
  81  7:23  High Templar  
  81  7:27  Archon  
  86  7:38  Pylon  
  86  7:41  Pylon  
  86  7:52  Archon  
  86  7:53  Zealot  
  86  7:54  Zealot x3  
  86  7:55  Sentry  
  86  7:56  Zealot  
  98  7:59  Sentry  
  98  8:03  Zealot  
  102  8:14  Nexus  
  102  8:32  Zealot x4  
  102  8:34  High Templar x2  
  100  8:37  Archon  
  92  8:44  Zealot x2  
Tags
 
Add a new tag
Caveats
  • Supply blocks, unpowered buildings, or Contaminate may cause inaccurate times.
  • Supply counts are checked every 10 seconds.